Map: Rorschach LE

Players

КолдырЪ

  • Race: Zerg Zerg
  • League: Diamond

Altik - Winner!

  • Race: Protoss Protoss
  • League: Diamond

VOD

Have the link to the VOD?

Description

Time

  • Played on: Aug. 6, 2026, 2:33 p.m.
  • Length: 12:06
Show
View Real Time Build Order
Export as new Build Order

КолдырЪ Zerg 

Build Orders: Hatch First 

Get SALT Encoding   

  8  0:00  Drone  
  9  0:10  Drone  
  10  0:22  Overlord  
  10  0:29  Drone  
  10  0:34  Drone  
  12  0:41  Drone  
  13  0:43  Drone  
  14  0:56  Drone  
  15  1:20  Drone, Hatchery  
  15  1:23  Drone  
  16  1:36  Spawning Pool  
  15  1:40  Extractor  
  15  1:42  Drone  
  15  1:47  Drone  
  15  1:49  Drone  
  15  1:53  Drone  
  18  2:03  Drone  
  19  2:18  Overlord  
  19  2:31  Queen  
  19  2:33  Queen  
  19  2:35  Drone  
  19  2:36  Drone  
  25  2:37  Drone  
  26  2:45  Metabolic Boost  
  27  2:51  Drone x2  
  28  3:00  Drone x2  
  28  3:05  Overlord  
  30  3:16  Hatchery  
  30  3:18  Zergling x2  
  30  3:21  Zergling x2  
  31  3:29  Drone x3  
  34  3:35  Overlord  
  34  3:36  Drone  
  35  3:45  Drone x2  
  35  3:46  Overlord  
  35  3:47  Drone  
  38  3:53  Queen  
  38  3:55  Drone x2  
  42  4:03  Spore Crawler  
  42  4:06  Drone x2  
  42  4:09  Zergling x2  
  42  4:18  Drone x2  
  42  4:19  Zergling x4  
  44  4:29  Drone x3  
  47  4:34  Drone  
  47  4:37  Queen  
  47  4:38  Overlord  
  50  4:39  Drone x3  
  53  4:48  Drone x2  
  53  4:49  Drone  
  53  4:51  Drone x2  
  58  4:53  Spore Crawler  
  58  4:55  Spore Crawler  
  56  5:03  Queen  
  60  5:23  Lair  
  58  5:42  Drone  
  59  5:43  Drone  
  59  5:44  Overlord x5  
  60  5:52  Overlord x2  
  60  5:53  Extractor x2  
  60  5:55  Extractor  
  57  6:05  Hatchery  
  57  6:07  Drone  
  57  6:08  Drone x11  
  68  6:15  Evolution Chamber  
  68  6:16  Drone x2  
  68  6:17  Drone x3  
  68  6:18  Evolution Chamber  
  70  6:21  Zergling x6  
  73  6:26  Zergling x6  
  73  6:27  Zergling x2  
  77  6:34  Roach Warren  
  77  6:35  Zergling x6  
  71  6:40  Zergling x4  
  71  6:44  Zergling x2  
  71  6:45  Zergling x4, Queen  
  71  6:46  Queen  
  65  7:00  Zergling x2  
  65  7:01  Zergling x8  
  61  7:14  Spore Crawler  
  61  7:15  Hydralisk Den  
  59  7:21  Queen x2  
  63  7:41  Queen  
  63  7:44  Hydralisk  
  65  7:45  Overlord x2  
  65  7:46  Drone  
  65  7:48  Overlord x4  
  68  8:03  Queen x2, Overlord x2  
  68  8:05  Drone x5  
  77  8:08  Zerg Missile Weapons Level 1  
  77  8:10  Zerg Ground Armor Level 1  
  77  8:12  Overlord  
  77  8:13  Overlord  
  77  8:16  Drone x2  
  79  8:23  Spore Crawler  
  79  8:25  Hydralisk x2  
  79  8:26  Hydralisk  
  82  8:36  Drone  
  82  8:37  Drone x7  
  82  8:39  Extractor  
  87  8:42  Extractor  
  86  8:52  Drone  
  86  8:53  Drone x3  
  90  9:00  Overlord  
  90  9:02  Drone x5  
  95  9:07  Overlord x2  
  95  9:12  Drone  
  95  9:13  Drone x3, Hatchery  
  95  9:14  Overseer  
  98  9:17  Muscular Augments  
  98  9:24  Drone  
  98  9:25  Drone, Pneumatized Carapace  
  98  9:26  Overlord  
  100  9:32  Drone x2  
  100  9:35  Extractor  
  100  9:36  Hydralisk x3  
  107  9:45  Overseer  
  107  9:53  Hydralisk x3  
  107  9:54  Roach x2  
  107  9:55  Roach x2  
  121  10:02  Hydralisk x2  
  121  10:03  Hydralisk x3  
  131  10:10  Roach x5  
  131  10:13  Glial Reconstitution  
  141  10:21  Grooved Spines  
  141  10:39  Roach x6  
  141  10:40  Roach, Overlord x4  
  155  10:51  Overlord x3  
  155  10:54  Infestation Pit  
  154  10:57  Lurker Den  
  154  11:00  Hatchery  
  152  11:06  Roach  
  152  11:07  Roach x6  
  166  11:18  Drone x3  
  169  11:22  Overseer  
  169  11:31  Roach x6  
  125  11:42  Hydralisk x3  
Show
View Real Time Build Order
Export as new Build Order

Altik Protoss - Winner!

Build Orders: Chargelot Immortal 

Get SALT Encoding   

  8  0:00  Probe (Chrono Boost)  
  9  0:12  Probe (Chrono Boost)  
  10  0:21  Probe (Chrono Boost)  
  11  0:27  Probe  
  12  0:39  Probe, Pylon  
  13  1:01  Gateway  
  13  1:03  Probe (Chrono Boost)  
  14  1:11  Assimilator  
  14  1:15  Probe (Chrono Boost)  
  15  1:20  Probe (Chrono Boost)  
  16  1:29  Probe  
  17  1:42  Probe  
  18  1:54  Probe  
  19  1:58  Nexus  
  19  2:04  Cybernetics Core  
  19  2:07  Probe  
  20  2:16  Assimilator  
  20  2:20  Pylon  
  20  2:22  Probe  
  21  2:38  Probe  
  21  2:41  Adept  
  21  2:42  Warp Gate  
  24  2:50  Probe (Chrono Boost)  
  25  3:02  Probe (Chrono Boost)  
  26  3:09  Probe (Chrono Boost)  
  26  3:11  Gateway  
  27  3:13  Adept  
  27  3:16  Probe, Stargate  
  30  3:22  Probe (Chrono Boost)  
  31  3:29  Probe (Chrono Boost)  
  33  3:34  Probe (Chrono Boost)  
  33  3:37  Twilight Council  
  33  3:38  Probe (Chrono Boost)  
  33  3:40  Probe (Chrono Boost)  
  34  3:46  Zealot  
  37  3:50  Probe  
  37  3:55  Probe  
  39  3:59  Pylon  
  39  4:02  Gateway  
  39  4:14  Void Ray (Chrono Boost)  
  39  4:21  Probe x2  
  41  4:25  Zealot, Charge (Chrono Boost)  
  43  4:33  Probe x2  
  43  4:35  Pylon  
  43  4:37  Zealot  
  47  4:40  Zealot  
  49  4:47  Pylon  
  49  4:48  Probe  
  50  4:53  Zealot  
  52  5:05  Zealot x2  
  56  5:12  Pylon  
  56  5:17  Void Ray (Chrono Boost)  
  60  5:23  Probe x2  
  62  5:34  Nexus  
  62  5:35  Probe  
  62  5:36  Pylon  
  62  5:39  Probe  
  64  5:45  Zealot x3  
  70  5:50  Pylon  
  70  5:57  Oracle (Chrono Boost)  
  70  6:00  Probe x2, Zealot x2  
  70  6:01  Zealot  
  81  6:12  Assimilator  
  81  6:14  Assimilator  
  81  6:16  Robotics Facility  
  81  6:18  Zealot x2  
  85  6:24  Probe  
  85  6:25  Probe  
  85  6:49  Zealot x2  
  83  6:57  Probe x3  
  83  6:58  Zealot  
  80  7:03  Zealot  
  78  7:12  Zealot x2  
  78  7:13  Immortal (Chrono Boost)  
  78  7:14  Probe x2  
  88  7:17  Pylon  
  88  7:18  Assimilator  
  88  7:19  Pylon  
  88  7:22  Assimilator  
  88  7:26  Probe x2, Gateway  
  88  7:27  Gateway  
  88  7:29  Gateway  
  90  7:36  Void Ray  
  94  7:44  Probe x2  
  94  7:45  Zealot x2  
  94  7:50  Immortal (Chrono Boost)  
  104  8:00  Probe x2  
  104  8:03  Probe, Zealot  
  104  8:04  Forge, Zealot x2  
  113  8:06  Forge  
  113  8:07  Robotics Bay  
  113  8:12  Probe  
  114  8:19  Immortal (Chrono Boost)  
  118  8:25  Probe  
  119  8:40  Protoss Ground Weapons Level 1 (Chrono Boost), Protoss Ground Armor Level 1 (Chrono Boost)  
  119  8:44  Pylon  
  119  8:45  Zealot, Probe x2  
  119  8:46  Pylon, Robotics Facility  
  119  8:48  Pylon  
  119  8:50  Zealot x2  
  119  8:52  Colossus  
  119  8:57  Pylon  
  119  8:59  Pylon  
  119  9:04  Zealot x4  
  119  9:08  Zealot x2  
  137  9:12  Pylon  
  137  9:16  Pylon  
  137  9:20  Pylon  
  137  9:21  Templar Archives  
  137  9:22  Pylon  
  137  9:26  Extended Thermal Lance  
  137  9:41  Zealot x5  
  137  9:44  Nexus  
  147  9:46  Pylon, Immortal  
  151  10:09  Colossus  
  157  10:19  Probe x3  
  157  10:20  Stalker x4  
  157  10:21  Stalker x2  
  172  10:25  Immortal  
  176  10:42  Shield Battery, Photon Cannon  
  176  10:43  Probe x2  
  178  10:50  High Templar  
  178  10:51  High Templar x3  
  186  11:07  Colossus  
  186  11:08  Assimilator  
  192  11:11  Probe x2, Assimilator  
  192  11:14  Pylon  
  192  11:15  Pylon  
  194  11:19  Pylon  
  169  11:35  Zealot x3  
  169  11:36  Zealot x2  
Tags
 
Add a new tag
Caveats
  • Supply blocks, unpowered buildings, or Contaminate may cause inaccurate times.
  • Supply counts are checked every 10 seconds.